 Dungeon Crawl Stone Soup version 0.26-a0-651-gb41185065b (webtiles) character file.

Game seed: 3910662260698101296

44 Irenicus the Digger (level 3, 24/42 HPs)
             Began as a Deep Dwarf Earth Elementalist on Oct 27, 2020.
             Quit the game on level 2 of the Dungeon.
             The game lasted 00:03:42 (629 turns).

Irenicus the Digger (Deep Dwarf Earth Elementalist)  Turns: 629, Time: 00:03:42

Health: 24/42      AC: 21    Str:  8 (11) XL:     3   Next: 39%
Magic:  0/4        EV:  2    Int: 14 (16) God:
Gold:   52         SH:  0    Dex: 18 (19) Spells: 2/5 levels left

rFire    + . .     SeeInvis .   e - +0 dagger
rCold    + . .     Faith    .   (no shield)
rNeg     + + +     Spirit   .   (armour currently unavailable)
rPois    +         Reflect  .   (helmet currently unavailable)
rElec    +         Harm     .   (cloak currently unavailable)
rCorr    +         Rampage  .   (gloves currently unavailable)
MR       .....     NoTele   +   (boots currently unavailable)
Stlth    ++........             (no amulet)
HPRegen  0.00/turn              c - +6 ring of dexterity
MPRegen  0.09/turn              (no ring)

@: tree-form, resistant, non-regenerating
A: damage resistance, heal wounds, sense surroundings 1, no regeneration
a: Heal Wounds


You were on level 2 of the Dungeon.
You were a tree.
You visited 1 branch of the dungeon, and saw 2 of its levels.

You collected 52 gold pieces.

Inventory:

Hand Weapons
 e - a +0 dagger (weapon)
   (You found it on level 1 of the Dungeon)
Missiles
 b - 22 stones (quivered)
Armour
 h - a +0 leather armour (melded)
   (You found it on level 1 of the Dungeon)
Jewellery
 c - a +6 ring of dexterity (left branch)
   (You found it on level 1 of the Dungeon)
Scrolls
 d - a scroll of amnesia


   Skills:
 - Level 2.1 Dodging
 - Level 2.4 Stealth
 - Level 1.7 Spellcasting
 - Level 0.8 Transmutations
 + Level 6.0 Earth Magic


You had 2 spell levels left.
You knew the following spells:

 Your Spells              Type           Power        Failure   Level
a - Sandblast             Erth           ###...       1%          1
w - Passwall              Tmut/Erth      ##......     9%          2

Your spell library contained the following spells:

 Spells                   Type           Power        Failure   Level
 Stone Arrow              Conj/Erth      #.....       22%         3
 Lee's Rapid Deconstruct  Erth           ###.......   50%         5
 Petrify                  Tmut/Erth      ##......     52%         4


Dungeon Overview and Level Annotations

Branches:
Dungeon (2/15)

Altars:


Innate Abilities, Weirdness & Mutations

You are resistant to damage.
You can heal yourself by infusing magical energy.
You passively map a small area around you.
You do not regenerate.


Message History

Things that are here:
a +0 club; a kobold corpse A frilled lizard comes into view.
Casting: Sandblast (safe; 2% risk of failure)
Confirm with . or Enter, or press ? or * to list all spells.
Aiming: Sandblast (safe; 2% risk of failure)
Press: ? - help, Shift-Dir - straight line, f - frilled lizard
Aim: a frilled lizard (asleep)
The blast of sand hits the frilled lizard.
You kill the frilled lizard!
b - 25 stones You now have 1/5 mp.
Casting: Sandblast (safe; 2% risk of failure)
Confirm with . or Enter, or press ? or * to list all spells.
Press: ? - help, Dir - move target cursor A rock wall.
You begin to meditate on the wall.
You continue meditating on the rock. x3
You finish merging with the rock.
Found a stone staircase leading down.
You now have 0/5 mp.
There is a stone staircase leading down here.
You climb downwards.
A frilled lizard, a giant cockroach, a hobgoblin and 2 gnolls come into view.
There is a stone staircase leading up here.
The helpless giant cockroach fails to defend itself.
You puncture the giant cockroach!
You kill the giant cockroach!
The frilled lizard hisses angrily.
The gnoll shouts!
You hear a shout!
A gnoll comes into view. It is wielding a +0 spear.
The gnoll shouts!
You hear an angry hiss.
A hobgoblin comes into view. It is wielding a +0 club.
You hear a shout! x2
Found a stone staircase leading down.
You see here a giant cockroach corpse.
It was a potion of resistance.
You feel protected. The frilled lizard barely misses you.
You hit the frilled lizard.
You kill the frilled lizard!
Casting: Passwall (safe; 11% risk of failure)
Confirm with . or Enter, or press ? or * to list all spells.
Aiming: Sandblast (safe; 2% risk of failure)
Press: ? - help, Shift-Dir - straight line, f - gnoll
Aim: a gnoll, wielding a +0 whip The blast of sand hits the gnoll!
You kill the gnoll!
Your Earth Magic skill increases to level 6!
b - 24 stones You now have 1/5 mp.
Casting: Sandblast (safe; 2% risk of failure)
Confirm with . or Enter, or press ? or * to list all spells.
Aiming: Sandblast (safe; 2% risk of failure)
Press: ? - help, Shift-Dir - straight line, f - gnoll
Aim: a gnoll, wielding a +0 club The blast of sand hits the gnoll!
The gnoll is severely wounded.
b - 23 stones You now have 0/5 mp.
Casting: Sandblast (safe; 2% risk of failure)
Confirm with . or Enter, or press ? or * to list all spells.
You don't have enough magic to cast that spell.
Unknown command.
Found a stone staircase leading down.
Casting: Sandblast (safe; 2% risk of failure)
Confirm with . or Enter, or press ? or * to list all spells.
Aiming: Sandblast (safe; 2% risk of failure)
Press: ? - help, Shift-Dir - straight line, f - gnoll
Aim: a gnoll, wielding a +0 spear The blast of sand misses the gnoll.
b - 22 stones You now have 0/5 mp.
You aren't carrying any items that you can evoke.
It was a potion of lignification.
You turn into a tree.
Your +0 leather armour melds into your body.
Your roots penetrate the ground.
The gnoll hits you from afar with a +0 spear.
* * * LOW HITPOINT WARNING * * *
You now have 9/42 hp.
It was a potion of degeneration.
There was something very wrong with that liquid.
You feel weakened.
You feel dopey.
You feel clumsy. The gnoll hits you but does no damage.
You aren't carrying any items that you can evoke.
You aren't carrying any potions.
As you read the scroll labeled ALADDI HIOFF, it crumbles to dust.
The scroll dissolves into smoke.
It was a scroll of fog.
The gnoll hits you from afar with a +0 spear.
As you read the scroll labeled RARPHI MEAKK, it crumbles to dust.
It is a scroll of identify.
d - a scroll of amnesia The gnoll hits you but does no damage.
As you read the scroll labeled RIGE XETA CUETS, it crumbles to dust.
You feel blessed for a moment.
It was a scroll of remove curse.
The gnoll hits you from afar with a +0 spear.
* * * LOW HITPOINT WARNING * * *
You take 2 damage, and have 7/42 hp.
You aren't carrying any items that you can evoke.
Your magical essence is drained by the effort!
You feel much better. The gnoll hits you but does no damage.
You regained 17 hp, and now have 24/42 hp.
Are you sure you want to abandon this character and quit the game? (Confirm with "yes".)

* , .... ,.., ....*
##.# *, * ....., ..#
## , , ,, .....
..#..,.. , ,, ,....$.
..#.##.# ,
...>.§##§#.#..# *
.....§§§§..#..# * .
#.§§♣§§....# * #.#..
#.§##§##...# #g#. .#..
#g##...####
....$....*#g........#
,
##g..###.#####g.###.#,
, ...=......####....#
.....l.#.>..)g..#.#,*
, *
$......##.#####......
, * , #.<†.....#######
*


You could see a gnoll.

Vanquished Creatures
  A gnoll (D:2)
  An ooze (D:1)
  A dart slug (D:1)
  2 leopard geckos (D:1)
  2 bats (D:1)
  3 giant cockroaches
  3 goblins (D:1)
  A hobgoblin (D:1)
  2 jackals (D:1)
  4 kobolds (D:1)
  2 frilled lizards
22 creatures vanquished.

Notes
Turn   | Place    | Note
-------+----------+-------------------------------------------
     0 | D:1      | Irenicus the Deep Dwarf Earth Elementalist began the quest
                  | for the Orb.
     0 | D:1      | Reached XP level 1. HP: 15/15 MP: 3/3
   206 | D:1      | Reached XP level 2. HP: 14/22 MP: 2/4
   234 | D:1      | Reached skill level 5 in Earth Magic
   260 | D:1      | Learned a level 2 spell: Passwall
   353 | D:1      | HP: 5/22 [dart slug/slug dart (2)]
   420 | D:1      | Reached XP level 3. HP: 7/28 MP: 1/5
   613 | D:2      | Reached skill level 6 in Earth Magic
   623 | D:2      | HP: 9/42 [gnoll/+0 spear (1)]
   629 | D:2      | Quit the game

Illustrated notes

Levels and vault maps discovered:
D:1:      dpeg_arrival_more_subterranean_lakeside_camping, layout_basic
D:2:      layout_loops_cross, chequers_ecumenical_altar_grove,
          minmay_divided_ellipse, uniq_terence

Skill      XL: |  1  2  3 |
---------------+----------+-----
Earth Magic    | 5 6 |  6.0
Dodging        | |  2.1
Stealth        | |  2.4
Spellcasting   | |  1.7
Transmutations | |  0.8

Action                   || total
-------------------------++-------
Melee: Dagger            ||    23
 Cast: Sandblast         ||    25
       Passwall          ||     9
 Abil: Heal Wounds       ||     1
  Use: Scroll            ||     3
       Potion            ||     3
 Stab: Sleeping          ||     1
Armor: Leather armour    ||    12
       Robe              ||     1
       Skin              ||     3
Dodge: Dodged            ||    17

Table legend: (Time is in decaauts)
 A = Elapsed time spent in this place.
 B = Non-inter-level travel time spent in this place.
 C = Inter-level travel time spent in this place.
 D = Time resting spent in this place.
 E = Time spent auto-exploring this place.
 F = Levels seen in this place.
 G = Mean time per level.
                   A        B        C        D        E       F      G
               +--------+--------+--------+--------+--------+-----+--------+
         Total |    628 |    628 |      0 |      0 |      0 |   2 |  314.0 |
       Dungeon |    628 |    628 |      0 |      0 |      0 |   2 |  314.0 |
               +--------+--------+--------+--------+--------+-----+--------+

Top non-repeatable levels by time:
     D:1: 600 daAuts
     D:2: 27 daAuts

Table legend:
 A = Kills in this place as a percentage of kills in entire the game.
 B = Kills by you in this place as a percentage of kills by you in the entire game.
 C = Kills by friends in this place as a percentage of kills by friends in the entire game.
 D = Other kills in this place as a percentage of other kills in the entire game.
 E = Experience gained in this place as a percentage of experience gained in the entire game.
 F = Experience gained in this place divided by the number of levels of this place that you have seen.
                   A       B       C       D       E      F
               +-------+-------+-------+-------+-------+----------------------
         Total | 100.0 | 100.0 |   N/A |   N/A | 100.0 |  31.5
       Dungeon | 100.0 | 100.0 |   N/A |   N/A | 100.0 |  31.5
               +-------+-------+-------+-------+-------+----------------------
